 Dungeon Crawl Stone Soup version 0.30.1-4-g462c640d31 (webtiles) character file.

Game seed: 316770625374402548

1974 monsoonserge the Thaumaturge (level 9, -9/57 HPs)
             Began as a Djinni Venom Mage on Sept 11, 2023.
             Killed from afar by an acid dragon (27 damage)
             ... with a splash of acid
             ... on level 5 of the Dungeon.
             The game lasted 00:30:27 (6359 turns).

monsoonserge the Thaumaturge (Djinni Venom Mage)    Turns: 6359, Time: 00:30:27

Health: -9/57      AC:  2    Str:  7    XL:     9   Next: 43%
Gold:   1365       EV: 20    Int: 22    God:
                   SH:  0    Dex: 18

rFire   . . .        f - melded +2 rapier (protect)
rCold   . . .        (shield currently unavailable)
rNeg    . . .        t - melded +0 steam dragon scales
rPois   ∞            y - melded +0 hat {SInv}
rElec   .            (cloak currently unavailable)
rCorr   .            (gloves currently unavailable)
SInv    .            (boots unavailable)
Will    .....        (no amulet)
Stlth   ++           (no ring)
HPRegen 0.29/turn    (no ring)
MPRegen 0.00/turn

%: infuse magic (-10 HP)
@: spider-form, flying
A: venomous fangs, flying, sickness immunity, tiny, (fire resistance 2), (cold
vulnerability 1), float, innate caster, HP casting, extra vitality 1
a: End Transformation


You were on level 5 of the Dungeon.
You were a venomous arachnid creature.
You visited 1 branch of the dungeon, and saw 7 of its levels.
You also visited: Bailey.

You collected 1398 gold pieces.
You spent 33 gold pieces at shops.

Inventory:

Hand Weapons
 e - a +4 dagger
 f - a +2 rapier of protection (melded)
 v - a +3 morningstar of holy wrath
 C - a +3 halberd of electrocution
 E - a +1 halberd of draining
Missiles
 g - 21 poisoned darts
Armour
 t - +0 steam dragon scales (melded)
 y - a +0 hat of see invisible (melded)
Jewellery
 B - a +6 ring of intelligence
Wands
 m - a wand of paralysis (6)
Scrolls
 d - 4 scrolls of teleportation
 h - a scroll of poison {unknown}
 k - 2 scrolls of enchant weapon
 n - a scroll of brand weapon {unknown}
 o - a scroll of vulnerability {unknown}
 q - a scroll of magic mapping {unknown}
 s - 3 scrolls of amnesia {unknown}
 w - a scroll of noise {unknown}
 x - a scroll of fog {unknown}
 z - a scroll of immolation {unknown}
 A - a scroll of identify
Potions
 a - 3 potions of brilliance
 b - 5 potions of heal wounds
 c - 6 potions of magic {unknown}
 i - a potion of berserk rage
 j - 4 potions of curing
 l - 3 potions of attraction
 p - a potion of resistance {unknown}
 r - 3 potions of mutation {unknown}
 u - a potion of lignification {unknown}
 D - a potion of cancellation {unknown}
 F - 2 potions of haste {unknown}


   Skills:
 + Level 1.4 Fighting
 + Level 0.3 Short Blades
 + Level 3.0 Dodging
 + Level 2.5 Stealth
 * Level 9.0 Spellcasting


You knew the following spells:

 Your Spells              Type           Power      Damage    Failure   Level
a - Sting                 Tmut/Pois      100%       1d8       1%          1
b - Poisonous Vapours     Pois/Air       98%        N/A       2%          2
c - Mephitic Cloud        Conj/Pois/Air  49%        N/A       3%          3
d - Olgreb's Toxic Radia  Pois           49%        N/A       7%          4
e - Foxfire               Conj/Fire      100%       2x1d9     1%          1
f - Blink                 Tloc           98%        N/A       2%          2
g - Vhi's Electric Charg  Tloc/Air       98%        N/A       3%          3
h - Spider Form           Tmut/Pois      49%        N/A       3%          3
Your spell library was empty.

Dungeon Overview and Level Annotations

Branches:
Dungeon (7/15)             Bailey (visited)
 Temple: D:4-7

Altars:
Dithmenos
Xom
The Shining One

Shops:
D:1 *   D:2 ?   D:3 (   D:6 [

Annotations:
D:6 Menkaure


Innate Abilities, Weirdness & Mutations

You are a venomous arachnid creature.
You have venomous fangs.
You are tiny and dextrous.
You are flying.
Your spellcasting is less reliable in this form.
Your armour is entirely melded.
You are incapable of wielding weapons or throwing items.
You are immune to sickness and miasma.
You are immune to poison.
((Your flesh is very heat resistant. (rF++)))
((You are vulnerable to cold. (rC-)))
You float through the air rather than walking.
You learn spells naturally, not from books.
Your magical power is your life essence.
You have superior vitality. (+4 MHP)


Message History

The foxfire hits the acid dragon.
The acid dragon is lightly wounded.
Casting: Foxfire (safe; 1% risk of failure)
Confirm with . or Enter, or press ? or * to list all spells.
Okay, then.
Casting: Foxfire (safe; 1% risk of failure)
Confirm with . or Enter, or press ? or * to list all spells.
You turn into a venomous arachnid creature.
Your +2 rapier of protection melds into your body.
Your +0 hat of see invisible melds into your body.
Your +0 steam dragon scales melds into your body.
Your +2 rapier of protection goes still.
You feel less perceptive.
The foxfire hits the acid dragon but does no damage.
The acid dragon is lightly wounded.
The acid dragon spits acid at you. The splash of acid hits you!
The acid dragon misses you. The acid dragon completely misses you.
You hit the acid dragon but do no damage.
The acid dragon is lightly wounded.
The acid dragon misses you. The acid dragon barely misses you.
You hit the acid dragon but do no damage.
The acid dragon is lightly wounded.
The acid dragon bites you! The acid dragon claws you.
You barely miss the acid dragon.
The acid dragon is lightly wounded.
The acid dragon barely misses you. The acid dragon closely misses you.
You hit the acid dragon.
The acid dragon is poisoned.
The acid dragon is moderately wounded.
The acid dragon spits acid at you. The splash of acid misses you.
You hit the acid dragon but do no damage.
The acid dragon is moderately wounded.
The acid dragon bites you! The acid dragon claws you.
Casting: Spider Form (dangerous; 3% risk of failure)
Confirm with . or Enter, or press ? or * to list all spells.
Okay, then.
The acid dragon spits acid at you. The splash of acid hits you!!
You die...

#.# #.##.# #.# #########.##.# #.#
#.........##.# #.# #.##########.#
######.# #.# #.# .......# #.# #.#
######## #>#### #[# ########
#....#######.# ### .......#
##.###.s......# #.. ###.##.###.##
##D####### #.# ###.##.##.##
##.##### #.# .##.##.##.# #..§..#
#.# .##.##.##.## ##.###.# #.#
.##.##.###.## ##§####.#########.#
....##.####.###.####............#
........# ##...#....>...#########
..#####.# ##.##.###...##


You could see an acid dragon (very poisoned, catching breath).

Vanquished Creatures
  2 yaks (D:6)
  Eustachio (D:5)
  A steam dragon (D:4)
  Duvessa (D:5)
  A sky beast (D:7)
  An orc warrior (Bailey)
  A black bear (D:6)
  A kobold brigand (D:5)
  A phantom (D:4)
  A scorpion (D:5)
  Dowan (D:5)
  A howler monkey (D:6)
  An electric eel (D:6)
  An orc priest (D:5)
  Ijyb (D:3)
  A gnoll bouda (D:6)
  2 hounds (D:6)
  A jelly (D:6)
  2 iguanas
  Terence (D:3)
  2 orc wizards
  Robin (D:3)
  8 adders
  17 gnolls
  A shadow imp (D:5)
  3 worms
  6 dart slugs
  30 orcs
  3 endoplasms
  3 giant cockroaches
  11 goblins
  14 hobgoblins
  3 jackals (D:4)
  5 quokkas
  9 ball pythons
  4 bats
  2 frilled lizards (D:3)
  7 kobolds
  8 rats
160 creatures vanquished.

Vanquished Creatures (collateral kills)
  4 foxfires
4 creatures vanquished.

Vanquished Creatures (others)
  273 foxfires
273 creatures vanquished.

Grand Total: 437 creatures vanquished

Notes
Turn   | Place    | Note
-------+----------+-------------------------------------------
     0 | D:1      | monsoonserge the Djinni Venom Mage began the quest for the
                  | Orb.
     0 | D:1      | monsoonserge set off with the following spells memorised:
                  | Sting, Poisonous Vapours, Mephitic Cloud, Olgreb's Toxic
                  | Radiance.
     0 | D:1      | Reached XP level 1. HP: 15/15 MP: 0/0
    23 | D:1      | Reached XP level 2. HP: 16/21 MP: 0/0
   121 | D:1      | Reached skill level 3 in Spellcasting
   388 | D:1      | Reached XP level 3. HP: 22/25 MP: 0/0
   388 | D:1      | Learned a level 1 spell: Foxfire
   689 | D:1      | Found Qatiraw's Assorted Antiques.
  1090 | D:2      | Found a glowing golden altar of the Shining One.
  1399 | D:2      | Reached XP level 4. HP: 29/31 MP: 0/0
  1448 | D:2      | Found Nickitu's Magic Scroll Emporium.
  1456 | D:2      | Bought a scroll of teleportation for 33 gold pieces
  1456 | D:2      | Identified a scroll of acquirement
  1459 | D:2      | Acquired 1097 gold pieces
  2103 | D:3      | Noticed Robin
  2105 | D:3      | Killed Robin
  2111 | D:3      | Reached skill level 4 in Spellcasting
  2111 | D:3      | Reached XP level 5. HP: 23/35 MP: 0/0
  2111 | D:3      | Learned a level 2 spell: Blink
  2185 | D:3      | Noticed Ijyb
  2198 | D:3      | Killed Ijyb
  2302 | D:3      | Found Aseuwel's Weapon Shoppe.
  2404 | D:3      | Noticed Terence
  2410 | D:3      | Killed Terence
  2745 | D:4      | Reached XP level 6. HP: 25/40 MP: 0/0
  2868 | D:4      | Reached skill level 5 in Spellcasting
  2887 | D:4      | Noticed a steam dragon
  2898 | D:4      | Killed a steam dragon
  2899 | D:4      | Reached XP level 7. HP: 19/45 MP: 0/0
  2899 | D:4      | Learned a level 3 spell: Vhi's Electric Charge
  3258 | D:4      | Found a shimmering altar of Xom.
  3345 | D:5      | Entered Level 5 of the Dungeon
  3375 | D:5      | Noticed Eustachio
  3389 | D:5      | Killed Eustachio
  3390 | D:5      | Reached skill level 6 in Spellcasting
  3423 | D:5      | Found a shadowy altar of Dithmenos.
  3502 | D:5      | Noticed Dowan
  3503 | D:5      | Noticed Duvessa
  3516 | D:5      | Killed Duvessa
  3517 | D:5      | Reached XP level 8. HP: 38/51 MP: 0/0
  3523 | D:5      | Killed Dowan
  3724 | D:5      | Reached skill level 7 in Spellcasting
  4647 | D:6      | Found Ublom's Armour Emporium.
  4724 | D:6      | Reached skill level 1 in Fighting
  5009 | D:6      | Noticed a yak
  5010 | D:6      | Noticed a yak
  5012 | D:6      | Noticed a yak
  5013 | D:6      | Noticed a yak
  5014 | D:6      | Killed a yak
  5015 | D:6      | Reached skill level 8 in Spellcasting
  5015 | D:6      | Noticed a yak
  5028 | D:7      | Reached XP level 9. HP: 6/57 MP: 0/0
  5028 | D:7      | Learned a level 3 spell: Spider Form
  5128 | D:7      | Found a flagged portal.
  5226 | Bailey   | Entered a bailey
  6196 | D:6      | Noticed Menkaure
  6200 | D:6      | Reached skill level 9 in Spellcasting
  6359 | D:5      | Killed from afar by an acid dragon

Illustrated notes

Levels and vault maps discovered:
D:1:      mushboom_english_gardens, layout_basic, serial_shops,
          nicolae_shop_tiny_glass
D:2:      layout_loops_corners, basic_altar, serial_aquarium,
          aquarium_bridge_straight [aquarium_subvault_bridge,
          aquarium_subvault_wall, aquarium_subvault_bridge,
          aquarium_subvault_wall], aquarium_bridge_island_large
          [aquarium_subvault_large_water, aquarium_subvault_bridge,
          aquarium_subvault_bridge, aquarium_subvault_balcony,
          aquarium_subvault_wall], aquarium_window_fake, aquarium_window_2,
          aquarium_window_1, aquarium_view_2g, aquarium_pool_2, serial_shops,
          nicolae_shop_tiny_statue_garden, serial_bayou_lagoon_a, st_stairs_5
D:3:      minmay_diamond_boxcup, layout_basic, serial_shops,
          nicolae_shop_waterfront, uniq_terence, uniq_robin, uniq_ijyb
D:4:      layout_basic, mainiacjoe_overflow_alcove_4, serial_glass,
          glass_columns_b, glass_columns_a, minmay_hedge_maze
D:5:      layout_loops_ring, grunt_dithmenos_smoke, kennysheep_generic_room_6,
          uniq_eustachio, uniq_duvessa
D:6:      layout_basic, temple_fountains, serial_shops, nicolae_shop_waterfront,
          nicolae_water_bricks, serial_bayou_ford_a,
          chequers_serial_rivers_room_b, hangedman_abyss_or_decor_stabs,
          uniq_menkaure
D:7:      layout_basic, enter_bailey_7

Skill      XL: |  1  2  3  4  5  6  7  8  9 |
---------------+----------------------------+-----
Spellcasting   | 3 4 5 6 8 9 |  9.0
Stealth        | 2 |  2.5
Fighting       | 1 |  1.4
Dodging        | 3 |  3.0
Short Blades   | |  0.3

Action                     |  1- 3 |  4- 6 |  7- 9 || total
---------------------------+-------+-------+-------++-------
  Melee: Short sword       |    10 |     7 |       ||    17
         Whip              |     1 |       |       ||     1
         Punch             |     1 |       |       ||     1
         Rapier            |       |       |    24 ||    24
         Unarmed           |       |       |     5 ||     5
   Cast: Sting             |    20 |    25 |    28 ||    73
         Poisonous Vapours |    25 |    22 |    55 ||   102
         Foxfire           |    16 |    74 |    69 ||   159
         Mephitic Cloud    |       |     2 |    16 ||    18
         Olgreb's Toxic Ra |       |       |    10 ||    10
         Blink             |       |       |     1 ||     1
         Spider Form       |       |       |     1 ||     1
    Use: Scroll            |       |     6 |     4 ||    10
   Stab: Confused          |       |       |     3 ||     3
 Armour: Robe              |     2 |     6 |       ||     8
         Steam dragon scal |       |       |    14 ||    14
  Dodge: Dodged            |     9 |    30 |    34 ||    73
